 Dungeon Crawl Stone Soup version 0.18-a0-1203-gbde16db (webtiles) character file.

1459 Duffy the Carver (level 8, -7/64 HPs)
             Began as a Minotaur Fighter on Feb 1, 2016.
             Mangled by Duffy's ghost (14 damage)
             ... on level 6 of the Dungeon.
             The game lasted 00:05:17 (6588 turns).

Duffy the Carver (Minotaur Fighter)                 Turns: 6588, Time: 00:05:17

Health: -7/64      AC: 10    Str: 23    XL:     8   Next: 48%
Magic:  7/7        EV:  8    Int:  5    God:
Gold:   264        SH:  0    Dex: 10    Spells: 0 memorised, 7 levels left

rFire  . . .     SeeInvis .     a - +0 long sword
rCold  . . .     Gourm    .     v - +0 chain mail
rNeg   . . .     Faith    .     (no shield)
rPois  .         Spirit   .     (helmet restricted)
rElec  .         Dismiss  .     (no cloak)
rCorr  .         Reflect  .     j - +0 pair of gloves
SustAt .         Harm     .     (no boots)
MR     .....                    (no amulet)
Stlth  ..........               (no ring)
                                (no ring)

@: not resistant to hostile enchantments, extremely unstealthy
A: retaliatory headbutt, horns 2
a: no special abilities


You were on level 6 of the Dungeon.
You were not hungry.

You visited 2 branches of the dungeon, and saw 7 of its levels.
You also visited: Sewer.

You collected 264 gold pieces.


Innate Abilities, Weirdness & Mutations

You reflexively headbutt those who attack you in melee.
You have a pair of horns on your head.


   Skills:
 - Level 3.6 Fighting
 + Level 12.4 Long Blades
 - Level 3.6 Armour
 - Level 3.6 Shields


You had 7 spell levels left.
You didn't know any spells.

Inventory:

Hand Weapons
 a - a +0 long sword (weapon)
Missiles
 m - 13 poisoned needles
Armour
 b - a +0 scale mail
 c - a +0 shield
 j - a +0 pair of gloves (worn)
 v - a +0 chain mail (worn)
Wands
 s - a wand of random effects (20/48)
 B - a wand of enslavement (10/24)
Scrolls
 e - a scroll of amnesia {unknown}
 h - 4 scrolls of identify {unknown}
 o - a scroll of immolation {unknown}
 p - a scroll of enchant armour {unknown}
 r - 2 scrolls of recharging {unknown}
 t - 2 scrolls of enchant weapon {unknown}
 u - 2 scrolls of teleportation {unknown}
 y - 3 scrolls of magic mapping {unknown}
 C - a scroll of random uselessness {unknown}
 D - a scroll of fog {unknown}
Potions
 d - 2 potions of might
 g - a potion of agility {unknown}
 i - 5 potions of flight {unknown}
 k - 4 potions of curing
 l - a potion of haste
 n - 6 potions of heal wounds {unknown}
 w - a potion of mutation {unknown}
 x - a potion of lignification {unknown}
 A - 2 potions of invisibility {unknown}
Comestibles
 f - 4 bread rations

Dungeon Overview and Level Annotations

Branches:
Dungeon (6/15)             Temple (1/1) D:4

Altars:
Ashenzari
Cheibriados
Dithmenos
Elyvilon
Fedhas
Makhleb
Nemelex Xobeh
Okawaru
Pakellas
Qazlal
Ru
Sif Muna
Vehumet
Xom
Zin

Annotations:
D:6 Duffy's ghost, novice MiFi


Message History

You are too injured to fight recklessly!
You are too injured to fight recklessly!
You are too injured to fight recklessly!
You are too injured to fight recklessly!
You are too injured to fight recklessly!
You are too injured to fight recklessly!
You are too injured to fight recklessly!
You are too injured to fight recklessly!
You are too injured to fight recklessly!
You are too injured to fight recklessly!
You are too injured to fight recklessly!
You are too injured to fight recklessly!
You are too injured to fight recklessly!
You are too injured to fight recklessly!
You are too injured to fight recklessly!
You hit Duffy's ghost but do no damage.
Duffy's ghost is moderately damaged.
Duffy's ghost hits you!
You hit Duffy's ghost. Your headbutt misses Duffy's ghost.
Duffy's ghost is moderately damaged.
You slash Duffy's ghost!
You headbutt Duffy's ghost, but do no damage.
Duffy's ghost is heavily damaged.
Duffy's ghost hits you.
You hit Duffy's ghost.
Duffy's ghost is severely damaged.
Duffy's ghost hits you!
You hit Duffy's ghost but do no damage. You headbutt Duffy's ghost.
Duffy's ghost is severely damaged.
Duffy's ghost closely misses you.
You hit Duffy's ghost.
You headbutt Duffy's ghost, but do no damage.
Duffy's ghost is severely damaged.
Duffy's ghost hits you!
You die...

..# #.# #.# #.# # #.#
#####
...####.#######...#
._..............#.######
#...@W.###...#.......
#..........#####.###.
#...........#...#...# #.
#......#.##.##..#.### #.
#......##.#.#.#...### #.
#.#..## #..........###.
#...........#######.....
....###.?.#. #....##..
#... . #....##..


You could see Duffy's ghost.

Action                   |  1- 3 |  4- 6 |  7- 9 || total
-------------------------+-------+-------+-------++-------
Melee: Long sword        |    89 |   137 |   216 ||   442
  Eat: Chunk             |     1 |     6 |     5 ||    12
       Meat ration       |       |       |     1 ||     1
       Pizza             |       |       |     1 ||     1
       Beef jerky        |       |       |     1 ||     1

Notes
Turn   | Place    | Note
--------------------------------------------------------------
     0 | D:1      | Duffy the Minotaur Fighter began the quest for the Orb.
     0 | D:1      | Reached XP level 1. HP: 19/19 MP: 0/0
   158 | D:1      | Reached skill level 3 in Long Blades
   331 | D:1      | Reached XP level 2. HP: 26/26 MP: 1/1
   591 | D:1      | Reached skill level 4 in Long Blades
   803 | D:2      | Reached XP level 3. HP: 31/31 MP: 2/2
  1403 | D:3      | Reached skill level 5 in Long Blades
  1541 | D:3      | Reached XP level 4. HP: 30/39 MP: 3/3
  1708 | D:3      | Noticed Robin
  1741 | D:3      | Killed Robin
  1862 | D:3      | Noticed PeterLawrence's ghost (amateur MiFi)
  1868 | D:3      | Killed PeterLawrence's ghost
  1868 | D:3      | Reached skill level 6 in Long Blades
  1868 | D:3      | Reached XP level 5. HP: 34/45 MP: 4/4
  1950 | D:3      | Reached skill level 7 in Long Blades
  2539 | D:4      | Noticed Duvessa
  2539 | D:4      | Noticed Dowan
  2546 | D:5      | Entered Level 5 of the Dungeon
  2546 | D:5      | Noticed a phantom
  2572 | D:5      | Killed a phantom
  2572 | D:5      | Reached XP level 6. HP: 36/51 MP: 5/5
  2658 | D:5      | Found a glowing drain.
  2674 | D:5      | Reached skill level 8 in Long Blades
  2681 | Sewer    | Entered a sewer
  2768 | Sewer    | Found a glowing silver altar of Zin.
  2908 | D:5      | Noticed Duffy's ghost (amateur MiFi)
  3103 | D:4      | Killed Duvessa
  3103 | D:4      | Reached skill level 9 in Long Blades
  3103 | D:4      | Reached XP level 7. HP: 43/57 MP: 6/6
  3112 | D:4      | Killed Dowan
  3318 | D:4      | Found a staircase to the Ecumenical Temple.
  3331 | Temple   | Entered the Ecumenical Temple
  3618 | D:4      | Found a burning altar of Makhleb.
  3618 | D:4      | Found a sacrificial altar of Ru.
  3923 | D:5      | Reached skill level 10 in Long Blades
  4055 | D:5      | Killed Duffy's ghost
  4055 | D:5      | Reached skill level 11 in Long Blades
  4286 | D:5      | Reached XP level 8. HP: 64/64 MP: 7/7
  5215 | D:6      | Found a blossoming altar of Fedhas.
  5237 | D:6      | Noticed Duffy's ghost (novice MiFi)
  5708 | D:6      | Noticed Edmund
  5716 | D:5      | Killed Edmund
  5779 | D:6      | Reached skill level 12 in Long Blades
  5852 | D:6      | Found a snail-covered altar of Cheibriados.
  6588 | D:6      | Mangled by Duffy's ghost

Vault maps used:
D:1:      lightli_arrival_chessboard, st_stairs_3
D:3:      minmay_goblin_outpost, uniq_robin
D:4:      gammafunk_temple_overflow_elements, minmay_temple_entry_overgrown,
          uniq_duvessa
D:5:      portal_sewer_entry_f, first_bread
D:6:      kennysheep_little_box, nicolae_overflow_crystal_walls,
          nicolae_overflow_hidden_temple, serial_shops, nicolae_shop_crystal,
          minmay_misc_feat_rugged, hangedman_abyss_or_decor_stagger,
          minmay_misc_feat_nine_boxes, minmay_holes, uniq_edmund
Temple:   triangle_lava_temple_11
Sewer:    sewer_kobolds

Vanquished Creatures
  The ghost of Duffy the Slasher, an amateur MiFi Edmund Duvessa
  An ice beast
  A phantom
  The ghost of PeterLawrence the Cudgeler, an amateur MiFi of Okawaru
  A centaur
  A big kobold
  A giant frog Dowan
  A giant frog zombie
  5 crimson imps
  A centaur skeleton
  2 hounds
  A worker ant
  2 hound skeletons
  A worker ant zombie Robin
  9 adders
  A shadow imp
  An ooze
  An adder zombie
  A worm
  5 giant geckos
  5 orcs
  6 bats
  8 giant cockroaches
  21 goblins
  8 hobgoblins
  4 jackals
  10 kobolds
  2 quokkas
  2 ball pythons
  A giant gecko zombie
  A giant newt
  A jackal zombie
  2 quokka skeletons
  A quokka zombie
  8 rats
122 creatures vanquished.
